 Dungeon Crawl Stone Soup version 0.31-a0-232-gb1c03b2570 (webtiles) character file.

Game seed: 10486894302777372838

3368 qw the Skirmisher (level 10, -7/63 HPs)
             Began as a Gargoyle Hexslinger on July 6, 2023.
             Was a Believer of Okawaru.
             Killed by divine providence
             ... invoked by an orc priest
              (8 damage)
             ... on level 8 of the Dungeon.
             The game lasted 00:02:49 (7021 turns).

qw the Skirmisher (Gargoyle Hexslinger)             Turns: 7021, Time: 00:02:49

Health: -7/63      AC: 20    Str: 18    XL:     10   Next: 3%
Magic:  10/14      EV: 15    Int: 14    God:    Okawaru [**....]
Gold:   470        SH:  0    Dex: 16    Spells: 10/11 levels left

rFire   . . .        c - +0 orcbow (heavy)
rCold   . . .        (shield currently unavailable)
rNeg    + . .        h - +0 acid dragon scales
rPois   inf          b - +0 helmet
rElec   +            j - +0 cloak
rCorr   +            m - +1 pair of gloves
SInv    .            (no boots)
Will    .....        (no amulet)
Stlth   +++          g - +6 ring of strength
HPRegen 0.30/turn    (no ring)
MPRegen 0.14/turn

%: no passive effects
@: heroic
A: sickness immunity, AC +7, negative energy resistance 1, electricity
resistance, torment resistance 1, petrification resistance, high MP 1
a: Renounce Religion, Heroism


You were on level 8 of the Dungeon.
You worshipped Okawaru.
Okawaru was pleased with you.
You visited 2 branches of the dungeon, and saw 9 of its levels.

You collected 470 gold pieces.


Innate Abilities, Weirdness & Mutations

You are immune to sickness and miasma.
Your stone body is resilient. (AC +7)
You are immune to poison.
You resist negative energy. (rN+)
You are resistant to electric shocks. (rElec)
You are resistant to unholy torment.
You are immune to petrification.
You have an increased reservoir of magic. (+10% MP)


   Skills:
 - Level 7.2(12.2) Fighting
 + Level 10.7(15.7) Ranged Weapons
 - Level 3.3(8.3) Armour
 - Level 3.0(8.0) Dodging
 - Level 1.0 Spellcasting
 - Level 2.6 Hexes
 - Level 4.4 Invocations


You had 10 spell levels left.
You knew the following spells:

 Your Spells              Type           Power      Damage    Failure   Level
a - Slow                  Hex            32%        N/A       11%         1

Your spell library contained the following spells:

 Spells                   Type           Power      Damage    Failure   Level
 Inner Flame              Hex/Fire       4%         N/A       50%         3
 Portal Projectile        Hex/Tloc       8%         N/A       50%         3
 Cause Fear               Hex            4%         N/A       73%         4

Inventory:

Hand Weapons
 c - a +0 heavy orcbow (weapon)
Armour
 b - a +0 helmet (worn)
 h - +0 acid dragon scales (worn)
 j - a +0 cloak (worn)
 m - a +1 pair of gloves (worn)
Jewellery
 g - a +6 ring of strength (left hand)
 n - a ring of ice
Scrolls
 a - 5 scrolls of identify
Potions
 e - 2 potions of brilliance {unknown}
 f - 2 potions of enlightenment
 i - a potion of mutation
 k - 2 potions of haste
 l - 3 potions of curing

Dungeon Overview and Level Annotations

Branches:
Dungeon (8/15)             Temple (1/1) D:4
   Lair: D:8-11

Altars:
Ashenzari
Cheibriados
Dithmenos
Elyvilon
Fedhas
Gozag
Hepliaklqana
Kikubaaqudgha
Makhleb
Okawaru
Qazlal
Ru
Sif Muna
Trog
Uskayaw
Vehumet
Wu Jian
Xom
Yredelemnul
Zin
The Shining One

Shops:
D:1 ?


Message History

The gnoll sergeant closely misses you. The hobgoblin completely misses you.
The hound completely misses you.
You shoot an arrow. The arrow closely misses the hound.
The gnoll sergeant hits you but does no damage.
The gnoll misses you. The gnoll sergeant barely misses you.
The hobgoblin misses you. The hound completely misses you.
You shoot an arrow. The arrow hits the hound!!
You kill the hound!
Okawaru accepts your kill.
The gnoll sergeant hits you but does no damage. x2
The gnoll barely misses you. The hobgoblin barely misses you.
The hobgoblin closely misses you.
The gnoll sergeant hits you but does no damage.
The gnoll hits you from afar with a +0 halberd.
The gnoll sergeant closely misses you.
You shoot an arrow. The arrow hits the hobgoblin!
You kill the hobgoblin!
Okawaru accepts your kill. The gnoll closely misses you.
The gnoll sergeant completely misses you.
The gnoll sergeant closely misses you.
You shoot an arrow. The arrow hits the gnoll sergeant.
The gnoll sergeant is almost dead.
The gnoll misses you.
The gnoll sergeant hits you but does no damage.
The gnoll sergeant barely misses you.
You shoot an arrow. The arrow hits the gnoll sergeant!!
You kill the gnoll sergeant!
Okawaru accepts your kill. The gnoll misses you.
The gnoll sergeant hits you from afar with a +4 spear of venom!
You shoot an arrow. The arrow hits the gnoll sergeant!!
The gnoll sergeant is severely wounded.
You feel like a meek peon again. The gnoll closely misses you.
The gnoll sergeant misses you.
7021 ||| INVOKING Heroism.
You gain the combat prowess of a mighty hero.
The orc priest mumbles some strange prayers to Beogh against you.
Beogh smites you!
You die...

#######################
..#...'........)gg.$.'.
#.
..#...'.......@ogg%$)'. .
PP#..)#'########gg####. 7
#..
#...#..........#.......#7
.7 #.
#)..#..........#.......#
PP # ###.>.# $$...=..$#
g..$..#7 ..7P777.#...#
.h.....# .gg..#7
...PPP..#))'## ########


gghK# ...P7...7....7777...777### #####7 .....P7........7.....7P7.777..77. You
could see a gnoll sergeant, a gnoll bouda, an orc priest, a gnoll and 3
hobgoblins.

Vanquished Creatures
  A two-headed ogre (D:8)
  Maggie (D:6)
  Prince Ribbit (D:7)
  A wraith (D:7)
  A water moccasin (D:5)
  An orc warrior (D:8)
  4 ogres
  2 centaurs
  A kobold brigand (D:8)
  4 bullfrogs
  A gnoll sergeant (D:8)
  3 scorpions
  A killer bee (D:6)
  A howler monkey (D:5)
  4 jellies
  9 hounds
  4 orc priests (D:8)
  2 iguanas (D:6)
  A sleepcap (D:8)
  An orc wizard (D:7)
  3 gnolls (D:8)
  6 adders
  A white imp (D:6)
  3 ufetubi
  A dart slug (D:3)
  13 orcs
  9 endoplasms
  5 giant cockroaches
  12 goblins
  15 hobgoblins
  8 jackals
  12 kobolds
  2 quokkas
  6 ball pythons
  5 bats
  3 frilled lizards
  9 rats
157 creatures vanquished.

Notes
Turn   | Place    | Note
-------+----------+-------------------------------------------
     0 | D:1      | qw the Gargoyle Hexslinger began the quest for the Orb.
     0 | D:1      | Reached XP level 1. HP: 12/12 MP: 2/2
     0 | D:1      | 0 ||| qw: Version: 0.3-a-46-gb1f654a
     0 | D:1      | 0 ||| qw: Game counter: 1994
     0 | D:1      | 0 ||| qw: Melee chars always use a shield: true
     0 | D:1      | 0 ||| qw: God list: Okawaru
     0 | D:1      | 0 ||| qw: Allow faded altars: false
     0 | D:1      | 0 ||| qw: Do Orc after clearing Dungeon:15 true
     0 | D:1      | 0 ||| qw: Do second Lair branch before Depths: true
     0 | D:1      | 0 ||| qw: Lair rune preference: random
     0 | D:1      | 0 ||| qw: Goals: Normal
     0 | D:1      | 0 ||| PLANNING D:1-11
    87 | D:1      | Reached XP level 2. HP: 16/16 MP: 3/3
   220 | D:1      | Reached skill level 3 in Ranged Weapons
   336 | D:1      | Found Ucvur's Magic Scroll Shoppe.
   345 | D:1      | 345 ||| SHOPLISTING 2 scrolls of enchant armour (150 gold,
                  | have 8).
   345 | D:1      | 345 ||| SHOPLISTING scroll of identify (20 gold, have 8).
   345 | D:1      | 345 ||| SHOPLISTING scroll of teleportation (30 gold, have
                  | 8).
   617 | D:1      | Reached XP level 3. HP: 21/21 MP: 4/4
   826 | D:1      | 826 ||| UPGRADING to +0 ring mail.
   836 | D:1      | 836 ||| DROPPING +0 robe.
   837 | D:1      | 837 ||| UPGRADING to +0 pair of gloves.
   842 | D:1      | 842 ||| READING 3 scrolls labelled TUOQYQ IDETA.
   843 | D:1      | 843 ||| READING scroll labelled FELATY DAEZ.
   844 | D:1      | 844 ||| READING 2 scrolls labelled WEPSAU KUIR.
   847 | D:1      | 847 ||| READING scroll labelled RETSUATHYH.
   848 | D:1      | 848 ||| DRINKING 2 glowing orange potions.
   849 | D:1      | 849 ||| READING 2 scrolls of identify.
   849 | D:1      | 849 ||| IDENTIFYING bubbling emerald potion
   850 | D:1      | 850 ||| DROPPING scroll of poison.
   851 | D:1      | 851 ||| DROPPING potion of degeneration.
  1008 | D:2      | Reached skill level 1 in Armour
  1323 | D:2      | 1323 ||| UPGRADING to +0 helmet.
  1328 | D:2      | 1328 ||| UPGRADING to +0 cloak.
  1333 | D:2      | 1333 ||| READING scroll labelled FUIG YN IGUC.
  1334 | D:2      | 1334 ||| READING scroll labelled WYGRUJ EFIESS.
  1335 | D:2      | 1335 ||| READING scroll labelled ABRODON FUPHI.
  1336 | D:2      | 1336 ||| READING scroll labelled WIMOFEUNEPS.
  1524 | D:3      | Found a broken altar of Ashenzari.
  1528 | D:3      | Saw a vision of the Swamp and the Snake Pit.
  1528 | D:3      | Noticed a spriggan druid
  1528 | D:3      | Noticed an alligator
  1528 | D:3      | Noticed a bog body
  1528 | D:3      | Noticed a swamp dragon
  1528 | D:3      | Noticed a naga mage
  1528 | D:3      | Noticed a naga ritualist
  1528 | D:3      | Noticed a naga
  1528 | D:3      | Noticed a guardian serpent
  1598 | D:3      | Reached XP level 4. HP: 14/26 MP: 5/5
  1602 | D:3      | HP: 6/26 [frozen (3)]
  1603 | D:3      | 1603 ||| READING scroll of teleportation.
  1959 | D:3      | Found a faded altar of an unknown god.
  2150 | D:3      | Reached skill level 4 in Ranged Weapons
  2205 | D:3      | 2205 ||| READING scroll labelled XIG CAURCHE.
  2206 | D:3      | 2206 ||| READING scroll labelled URIODO TEURA.
  2207 | D:3      | 2207 ||| READING 3 scrolls of identify.
  2207 | D:3      | 2207 ||| IDENTIFYING ruby potion
  2208 | D:3      | 2208 ||| READING 2 scrolls of identify.
  2208 | D:3      | 2208 ||| IDENTIFYING metallic orange potion
  2209 | D:3      | 2209 ||| DROPPING potion of attraction.
  2226 | D:4      | Noticed a scorpion
  2227 | D:4      | 2227 ||| PLANNING OSSUARY
  2229 | D:4      | 2229 ||| STAIRDANCE
  2235 | D:3      | Killed a scorpion
  2236 | D:3      | Reached XP level 5. HP: 29/30 MP: 6/6
  2256 | D:4      | Found a sand-covered staircase.
  2409 | D:4      | Reached skill level 5 in Ranged Weapons
  2508 | D:4      | Found a staircase to the Ecumenical Temple.
  2553 | D:4      | Found a white marble altar of Elyvilon.
  2560 | D:4      | 2560 ||| READING scroll of brand weapon.
  2560 | D:4      | 2560 ||| BRANDING +2 sling of freezing.
  2595 | D:4      | Found a sacrificial altar of Ru.
  2629 | D:4      | Reached skill level 3 in Fighting
  2629 | D:4      | Reached XP level 6. HP: 37/37 MP: 7/7
  2943 | D:4      | 2943 ||| RIP OSSUARY
  2956 | D:4      | 2956 ||| PLANNING TEMPLE
  2965 | D:4      | Reached skill level 6 in Ranged Weapons
  2986 | D:4      | 2986 ||| DROPPING scarf of invisibility.
  2987 | D:4      | 2987 ||| DRINKING 2 coppery potions.
  2988 | D:4      | 2988 ||| DRINKING 4 black potions.
  3019 | Temple   | Entered the Ecumenical Temple
  3147 | Temple   | 3147 ||| PLANNING OKAWARU WORSHIP
  3244 | Temple   | Became a worshipper of Warmaster Okawaru
  3245 | Temple   | 3245 ||| PLANNING D:1-11
  3279 | D:4      | 3279 ||| STAIRDANCE
  3280 | D:3      | Found an ornate altar of the Wu Jian Council.
  3333 | D:5      | Entered Level 5 of the Dungeon
  3385 | D:5      | Noticed a water moccasin
  3394 | D:5      | HP: 9/37 [water moccasin (3)]
  3395 | D:5      | 3395 ||| READING scroll of teleportation.
  3396 | D:5      | 3396 ||| DRINKING potion of heal wounds.
  3446 | D:5      | 3446 ||| READING scroll of enchant weapon.
  3446 | D:5      | 3446 ||| ENCHANTING +2 heavy sling.
  3453 | D:5      | 3453 ||| READING scroll of enchant armour.
  3453 | D:5      | 3453 ||| ENCHANTING +0 pair of gloves.
  3463 | D:5      | Killed a water moccasin
  3464 | D:5      | Reached skill level 3 in Armour
  3464 | D:5      | Reached XP level 7. HP: 40/41 MP: 8/8
  3606 | D:5      | Found a snail-covered altar of Cheibriados.
  3833 | D:5      | 3833 ||| READING scroll labelled LAR YNERUTI.
  3834 | D:5      | 3834 ||| READING scroll labelled HOAB ASTAMUIGU.
  3959 | D:6      | 3959 ||| READING scroll of enchant weapon.
  3959 | D:6      | 3959 ||| ENCHANTING +3 heavy sling.
  4060 | D:6      | Reached * piety under Okawaru
  4235 | D:6      | Noticed Maggie
  4244 | D:6      | 4244 ||| INVOKING Heroism.
  4245 | D:6      | 4245 ||| INVOKING Heroism.
  4254 | D:6      | HP: 9/44 [Maggie/+0 morningstar of draining (4)]
  4256 | D:6      | Killed Maggie
  4257 | D:6      | Reached skill level 8 in Ranged Weapons
  4257 | D:6      | Reached XP level 8. HP: 7/48 MP: 7/9
  4427 | D:6      | Reached skill level 1 in Invocations
  4439 | D:6      | 4439 ||| SWAPPING to +0 orcbow.
  4443 | D:6      | 4443 ||| DROPPING +4 heavy sling.
  4464 | D:6      | 4464 ||| INVOKING Heroism.
  4641 | D:6      | Reached ** piety under Okawaru
  4718 | D:6      | Found a bloodstained altar of Trog.
  4721 | D:6      | 4721 ||| Stepping ~*~*~tactically~*~*~ (outnumbered).
  4723 | D:6      | 4723 ||| Stepping ~*~*~tactically~*~*~ (outnumbered).
  4725 | D:6      | 4725 ||| Stepping ~*~*~tactically~*~*~ (outnumbered).
  4730 | D:6      | 4730 ||| Stepping ~*~*~tactically~*~*~ (outnumbered).
  5112 | D:6      | 5112 ||| UPGRADING to +0 acid dragon scales.
  5122 | D:6      | 5122 ||| DROPPING +0 ring mail.
  5123 | D:6      | 5123 ||| UPGRADING to +6 ring of strength.
  5124 | D:6      | 5124 ||| READING scroll labelled ZYICIPL UTYO.
  5169 | D:7      | 5169 ||| INVOKING Heroism.
  5178 | D:7      | Reached skill level 3 in Invocations
  5297 | D:7      | Noticed a wraith
  5308 | D:7      | 5308 ||| INVOKING Heroism.
  5316 | D:7      | Killed a wraith
  5317 | D:7      | Reached XP level 9. HP: 36/54 MP: 9/12
  5380 | D:7      | Noticed Prince Ribbit
  5381 | D:7      | 5381 ||| INVOKING Heroism.
  5398 | D:7      | Killed Prince Ribbit
  5399 | D:7      | Reached skill level 9 in Ranged Weapons
  5735 | D:7      | Found a flagged portal.
  5747 | D:7      | 5747 ||| Stepping ~*~*~tactically~*~*~ (water).
  5894 | D:7      | Found an opulent altar of Gozag.
  5976 | D:7      | 5976 ||| DROPPING ring of magical power.
  5977 | D:7      | 5977 ||| READING scroll labelled ETHREO DEEREIMU.
  5978 | D:7      | 5978 ||| DRINKING 2 purple potions.
  5978 | D:7      | Gained mutation: You have an increased reservoir of magic.
                  | (+10% MP) [potion of mutation]
  6148 | D:8      | Noticed a two-headed ogre
  6149 | D:8      | 6149 ||| INVOKING Heroism.
  6159 | D:8      | HP: 4/54 [two-headed ogre/+0 giant club (20)]
  6160 | D:8      | 6160 ||| READING scroll of teleportation.
  6161 | D:8      | 6161 ||| DRINKING 2 potions of heal wounds.
  6163 | D:8      | Killed a two-headed ogre
  6203 | D:8      | 6203 ||| INVOKING Heroism.
  6302 | D:8      | 6302 ||| INVOKING Heroism.
  6435 | D:8      | 6435 ||| Stepping ~*~*~tactically~*~*~ (outnumbered).
  6482 | D:8      | Found a blossoming altar of Fedhas.
  6560 | D:8      | 6560 ||| Stepping ~*~*~tactically~*~*~ (outnumbered).
  6563 | D:8      | 6563 ||| INVOKING Heroism.
  6576 | D:8      | HP: 13/57 [orc priest/divine providence (10)]
  6577 | D:8      | 6577 ||| DRINKING potion of heal wounds.
  6579 | D:8      | 6579 ||| INVOKING Heroism.
  6738 | D:8      | Reached skill level 10 in Ranged Weapons
  6887 | D:8      | 6887 ||| INVOKING Heroism.
  6933 | D:8      | 6933 ||| INVOKING Heroism.
  6944 | D:8      | Reached skill level 3 in Dodging
  6972 | D:8      | 6972 ||| SWAPPING to +0 heavy orcbow.
  6973 | D:8      | 6973 ||| DROPPING +0 orcbow.
  6997 | D:8      | 6997 ||| INVOKING Heroism.
  7007 | D:8      | Reached XP level 10. HP: 26/63 MP: 12/14
  7009 | D:8      | 7009 ||| Stepping ~*~*~tactically~*~*~ (outnumbered).
  7009 | D:8      | HP: 14/63 [gnoll sergeant/+0 trident (6)]
  7010 | D:8      | 7010 ||| INVOKING Heroism.
  7016 | D:8      | HP: 8/63 [gnoll/+0 halberd (1)]
  7019 | D:8      | HP: 1/63 [gnoll sergeant/+4 spear of venom (8)]
  7021 | D:8      | 7021 ||| INVOKING Heroism.
  7021 | D:8      | Killed from afar by an orc priest

Levels and vault maps discovered:
D:1:      minmay_arrival_shattered_statue, layout_basic, serial_shops, shop
D:2:      layout_rooms, minmay_misc_feat_hallway
D:3:      minmay_chambers_of_threes, layout_loops_cross,
          nicolae_overflow_ecumenical_swirl, grunt_ashenzari_visionary
          [grunt_ashenzari_visionary_swamp, grunt_ashenzari_visionary_snake],
          corexii_shack, dk_noncrumbling_3
D:4:      layout_gridville, kennysheep_mini, nicolae_ru_the_path_less_chosen,
          minmay_temple_entry_glassed_door,
          nicolae_ossuary_entry_false_entrances
D:5:      layout_rooms, nicolae_overflow_crystal_walls, corexii_shack
D:6:      layout_basic, trog_hazing_becter,
          hangedman_abyss_or_decor_jellyfish_corner,
          chequers_hall_statues_wall_a, st_stairs_4, minmay_manual_mess,
          uniq_maggie
D:7:      layout_basic, kennysheep_little_box, enter_bailey_4,
          uniq_prince_ribbit1
D:8:      kennysheep_housing_project, layout_basic, mainiacjoe_overflow_chevrons
Temple:   nicolae_temple_figure_eight

Skill      XL: |  1  2  3  4  5  6  7  8  9 |
---------------+----------------------------+-----
Ranged Weapons | 3 4 5 6 8 10 | 10.7
Fighting       | 2 3 4 5 7 |  7.2
Armour         | 1 3 |  3.3
Invocations    | 4 |  4.4
Dodging        | 2 3 |  3.0
Spellcasting   | |  1.0
Hexes          | |  2.6

Action                     |  1- 3 |  4- 6 |  7- 9 | 10-12 || total
---------------------------+-------+-------+-------+-------++-------
   Fire: Sling             |   196 |   126 |    59 |       ||   381
         Orcbow            |       |       |   228 |    12 ||   240
 Invoke: Heroism           |       |       |    13 |     2 ||    15
    Use: Scroll            |     9 |     9 |     6 |       ||    24
         Potion            |     1 |     3 |     3 |       ||     7
 Armour: Robe              |    10 |       |       |       ||    10
         Ring mail         |    73 |    82 |    49 |       ||   204
         Acid dragon scale |       |       |    52 |    11 ||    63
  Dodge: Dodged            |   111 |    64 |   127 |    39 ||   341

Table legend:
 A = Non-vault XP
 B = Vault XP
 C = Vault XP percentage of total XP
 D = Non-vault monster count
 E = Vault monster count
 F = Vault count percentage of total count
                 A         B        C        D         E       F
            +---------+---------+-------+---------+---------+-------
      Total |    3052 |    1760 |  36.6 |     104 |      53 |  33.8
            +---------+---------+-------+---------+---------+-------
        D:1 |      40 |       0 |   0.0 |      26 |       0 |   0.0
        D:2 |      22 |       0 |   0.0 |      12 |       0 |   0.0
        D:3 |     110 |      37 |  25.2 |       9 |      13 |  59.1
        D:4 |     264 |       0 |   0.0 |      19 |       0 |   0.0
        D:5 |     274 |       2 |   0.7 |       4 |       1 |  20.0
        D:6 |     522 |     648 |  55.4 |      10 |      12 |  54.5
        D:7 |     499 |     270 |  35.1 |       7 |       6 |  46.2
        D:8 |    1321 |     803 |  37.8 |      17 |      21 |  55.3
            +---------+---------+-------+---------+---------+-------
